Map: Terrasses de Prion

Players

pupu

  • Race: Protoss Protoss
  • League: Silver

ChimpyMcGibn - Winner!

  • Race: Zerg Zerg
  • League: Platinum

VOD

Have the link to the VOD?

Description

Time

  • Played on: April 7, 2016, 11:21 a.m.
  • Length: 13:07
Show
View Real Time Build Order
Export as new Build Order

pupu Protoss 

Build Orders:  

Get SALT Encoding   

  12  0:01  Probe (Chrono Boost)  
  13  0:11  Probe (Chrono Boost)  
  14  0:20  Pylon  
  14  0:22  Probe (Chrono Boost)  
  15  0:38  Probe (Chrono Boost)  
  15  0:40  Gateway  
  16  0:49  Probe (Chrono Boost)  
  17  0:51  Assimilator  
  17  0:56  Assimilator  
  17  0:59  Probe (Chrono Boost)  
  18  1:10  Probe (Chrono Boost)  
  19  1:20  Probe (Chrono Boost)  
  20  1:32  Cybernetics Core  
  21  1:33  Probe (Chrono Boost)  
  21  1:42  Pylon  
  21  1:44  Zealot  
  23  2:00  Probe (Chrono Boost)  
  24  2:09  Nexus  
  24  2:11  Warp Gate (Chrono Boost)  
  24  2:21  Stalker  
  26  2:25  Probe  
  27  2:32  Pylon  
  27  2:41  Mothership Core  
  29  2:52  Gateway  
  29  2:59  Twilight Council  
  29  3:03  Probe  
  30  3:11  Sentry  
  32  3:15  Probe  
  33  3:24  Probe  
  33  3:26  Robotics Facility  
  35  3:27  Probe  
  35  3:36  Probe  
  36  3:42  Zealot  
  36  3:45  Zealot  
  40  3:57  Gateway  
  40  4:00  Gateway  
  40  4:06  Charge (Chrono Boost)  
  40  4:09  Probe x2  
  42  4:17  Warp Prism  
  44  4:26  Probe  
  44  4:27  Probe  
  44  4:31  Assimilator  
  46  4:33  Pylon  
  46  4:37  Pylon  
  46  4:39  Probe  
  46  4:40  Probe  
  48  4:51  Pylon  
  48  4:55  Forge  
  48  4:56  Probe  
  48  4:57  Probe, Pylon  
  50  5:04  Zealot x2  
  54  5:07  Probe  
  54  5:09  Probe  
  56  5:17  Probe  
  57  5:21  Probe  
  57  5:24  Zealot  
  57  5:25  Zealot x2  
  57  5:26  Zealot  
  66  5:50  Zealot x4  
  70  6:10  Zealot  
  70  6:11  Zealot x3  
  58  6:38  Zealot x4  
  58  6:58  Zealot x2  
  58  6:59  Zealot x2  
  58  7:19  Zealot x2  
  58  7:20  Zealot x2  
  56  7:23  Probe  
  56  7:24  Probe  
  56  7:27  Zealot x4  
  66  7:33  Probe  
  66  7:34  Gateway  
  66  7:35  Gateway  
  66  7:36  Probe  
  68  7:40  Gateway  
  68  7:42  Pylon  
  68  7:44  Pylon  
  68  7:46  Pylon  
  68  7:51  Stalker x4  
  74  7:55  Pylon  
  74  7:57  Pylon  
  76  8:00  Pylon  
  76  8:03  Pylon  
  76  8:12  Nexus  
  76  8:17  Gateway  
  76  8:18  Gateway  
  76  8:20  Gateway  
  76  8:23  Gateway  
  76  8:26  Probe, Gateway  
  76  8:28  Probe  
  76  8:30  Assimilator  
  78  8:36  Immortal  
  78  8:37  Probe  
  78  8:38  Protoss Ground Weapons Level 1 (Chrono Boost)  
  78  8:40  Probe  
  78  8:41  Blink  
  84  8:47  Probe  
  84  8:54  Stalker x4  
  93  9:00  Stalker x3  
  99  9:22  Probe  
  99  9:23  Probe  
  99  9:24  Probe  
  102  9:33  Assimilator  
  102  9:35  Stalker x4  
  102  9:36  Probe  
  79  10:01  Stalker x6  
  79  10:02  Stalker  
  93  10:16  Immortal  
  97  10:23  Stalker x4  
  105  10:46  Pylon  
  105  10:49  Nexus  
  105  11:03  Zealot x7  
  105  11:04  Zealot  
  120  11:28  Pylon  
  120  11:31  Pylon  
  120  11:33  Pylon  
  120  11:36  Pylon  
  120  11:37  Photon Cannon  
  120  11:39  Photon Cannon  
  120  11:41  Photon Cannon  
  120  11:48  Pylon  
  118  12:07  Stalker x2  
  122  12:08  Stalker x2  
  122  12:09  Stalker x3  
  132  12:24  Nexus  
  132  12:29  Pylon  
  132  12:42  Photon Cannon  
  132  12:44  Photon Cannon  
Show
View Real Time Build Order
Export as new Build Order

ChimpyMcGibn Zerg - Winner!

Build Orders: Hatch First 

Get SALT Encoding   

  12  0:03  Drone  
  13  0:12  Overlord  
  13  0:20  Drone  
  14  0:23  Extractor  
  13  0:29  Drone  
  13  0:32  Drone  
  16  0:37  Drone  
  17  0:47  Drone  
  18  0:59  Hatchery  
  18  1:01  Extractor  
  18  1:03  Drone  
  17  1:17  Spawning Pool  
  16  1:19  Drone  
  16  1:23  Drone  
  18  1:29  Drone  
  19  1:41  Drone  
  20  1:51  Overlord  
  20  2:03  Overlord  
  20  2:04  Metabolic Boost  
  20  2:11  Queen  
  22  2:15  Queen  
  24  2:26  Zergling x4  
  24  2:28  Zergling x2  
  27  2:32  Drone  
  27  2:35  Drone  
  29  2:42  Drone  
  30  2:46  Drone x2  
  32  2:57  Queen  
  32  2:58  Queen  
  36  2:59  Drone  
  37  3:18  Overlord x2  
  37  3:19  Overlord  
  37  3:45  Zergling x4  
  37  3:46  Zergling x6  
  37  3:47  Hatchery, Drone x3  
  44  3:57  Drone  
  44  3:58  Drone x4  
  49  4:15  Drone x4  
  53  4:18  Extractor  
  51  4:27  Drone x2  
  51  4:29  Extractor x2  
  51  4:43  Drone x5  
  56  5:01  Roach Warren  
  55  5:09  Drone x2  
  55  5:11  Zergling x2  
  55  5:12  Overlord x4  
  58  5:40  Roach x6  
  58  5:41  Roach x3  
  59  6:22  Roach x4  
  59  6:23  Roach x7  
  80  6:54  Drone x3  
  80  6:55  Drone x6  
  87  7:24  Drone  
  87  7:25  Drone x8  
  87  7:26  Drone  
  97  7:37  Drone  
  98  7:38  Lair  
  98  7:43  Overlord x3  
  98  7:45  Evolution Chamber  
  98  7:46  Extractor, Drone  
  98  7:47  Evolution Chamber, Extractor, Drone  
  96  7:55  Overlord x3  
  96  7:56  Overlord  
  96  8:07  Queen  
  96  8:09  Drone x4  
  102  8:17  Zerg Missile Weapons Level 1, Zerg Ground Armor Level 1  
  102  8:37  Queen, Hatchery  
  102  8:38  Glial Reconstitution  
  102  8:39  Extractor  
  102  8:42  Extractor  
  102  8:47  Roach x8  
  102  8:48  Roach x2  
  121  8:53  Hydralisk Den  
  121  8:55  Ravager x4  
  124  8:56  Ravager x6  
  124  8:57  Overseer  
  130  9:06  Drone x3  
  137  9:10  Roach x3  
  137  9:14  Overlord  
  139  9:19  Roach x3  
  139  9:20  Overlord  
  139  9:21  Overlord x3  
  145  9:26  Drone  
  146  9:35  Drone x3  
  149  9:42  Roach x2  
  143  10:07  Lurker Den  
  143  10:13  Zergling x2  
  147  10:14  Zergling x24  
  156  10:25  Zerg Missile Weapons Level 2, Zerg Ground Armor Level 2  
  156  10:27  Tunneling Claws  
  156  10:28  Infestation Pit  
  156  10:30  Burrow  
  156  10:31  Pneumatized Carapace  
  156  10:33  Hatchery  
  154  10:36  Hydralisk x11  
  175  11:17  Hydralisk  
  175  11:18  Hydralisk x3  
  183  11:33  Queen  
  183  11:34  Spire  
  184  11:41  Overlord x4  
  182  11:56  Extractor  
  182  11:58  Hatchery  
  182  11:59  Extractor  
  179  12:01  Overseer x2  
  179  12:02  Overseer x2  
  179  12:12  Hatchery  
  178  12:20  Hydralisk x15  
  178  12:25  Roach x22  
  178  12:26  Drone x2  
  178  12:27  Drone x3  
  183  12:35  Drone x3  
  188  12:44  Extractor  
  187  12:47  Extractor  
Tags
 
Add a new tag
Caveats
  • Supply blocks, unpowered buildings, or Contaminate may cause inaccurate times.
  • Supply counts are checked every 10 seconds.